 Dungeon Crawl Stone Soup version 0.24-a0-235-g3f03afcf10 (webtiles) character file.

Game seed: 11016310261854852934

109 MrRokkomies the Skirmisher (level 4, 0/33 HPs)
             Began as an Octopode Abyssal Knight on Apr 9, 2019.
             Was a Follower of Lugonu.
             Slain by a leopard gecko (4 damage)
             ... on level 3 of the Dungeon.
             The game lasted 00:06:32 (2036 turns).

MrRokkomies the Skirmisher (OpAK)                   Turns: 2036, Time: 00:06:34

Health: 0/33       AC:  1    Str: 11    XL:     4   Next: 90%
Magic:  14/14      EV: 13    Int: 14    God:    Lugonu [*.....]
Gold:   69         SH:  0    Dex: 12    Spells: 3/3 levels left

rFire    . . .     SeeInvis .   h - -1 dagger (curse)
rCold    . . .     Gourm    .   (no shield)
rNeg     . . .     Faith    .   (helmet restricted)
rPois    +         Spirit   .   (no amulet)
rElec    .         Reflect  .   c - ring of magical power
rCorr    .         Harm     .   e - ring of poison resistance
MR       .....                  r - ring of wizardry
Stlth    +++.......             t - ring of wizardry
HPRegen  0.11/turn              (no ring)
MPRegen  0.14/turn              (no ring)
                                (no ring)
                                (no ring)

@: no status effects
A: almost no armour, stealthy swim, amphibious, 8 rings, constrict 8, camouflage
1, gelatinous body 1
a: Depart the Abyss, Renounce Religion


You were on level 3 of the Dungeon.
You worshipped Lugonu.
Lugonu was aware of your devotion.
You were not hungry.

You visited 1 branch of the dungeon, and saw 3 of its levels.
You visited the Abyss 1 time.

You collected 69 gold pieces.

Inventory:

Hand Weapons
 a - a +1 falchion
 h - a cursed -1 dagger (weapon)
 p - a cursed -2 dagger
Missiles
 g - 126 stones (quivered)
Jewellery
 c - a ring of magical power (left tentacle)
 e - a ring of poison resistance (right tentacle)
 r - a ring of wizardry (on tentacle)
 t - a ring of wizardry (on tentacle)
Scrolls
 f - 2 scrolls of remove curse
 o - a scroll of enchant armour
 q - a scroll of magic mapping
 s - a scroll of identify
Potions
 d - a potion of haste
 i - a potion of berserk rage {unknown}
 j - 3 potions of heal wounds
 k - a potion of agility
 l - 2 potions of curing
 m - a potion of lignification {unknown}
 n - 2 potions of brilliance
 u - 2 potions of flight
 v - a potion of might {unknown}
 w - 2 potions of ambrosia {unknown}
Comestibles
 b - a ration


   Skills:
 * Level 4.1 Fighting
 * Level 3.4 Long Blades
 - Level 2.3 Dodging
 + Level 2.5 Stealth
 - Level 2.0 Invocations


You had 3 spell levels left.
You didn't know any spells.
Your spell library was empty.

Dungeon Overview and Level Annotations

Branches:
Dungeon (3/15)

Altars:
Cheibriados
Makhleb
Yredelemnul


Innate Abilities, Weirdness & Mutations

You cannot wear most types of armour.
You are very stealthy in the water. (Stealth+)
You are amphibious.
You can wear up to eight rings at the same time.
You can use your tentacles to constrict eight enemies at once.
Your skin changes colour to match your surroundings (Stealth+).
Your rubbery body absorbs attacks. (AC +1, EV +1)


Message History

Lugonu accepts your kill.
Things that are here:
a +0 trident; a cursed +0 leather armour; an orc corpse 2 rats come into view.
The rat moves out of view.
A leopard gecko comes into view.
Found a stone staircase leading down.
The rat bites you.
* * * LOW HITPOINT WARNING * * *
You hit the rat but do no damage. You grab the rat. You squeeze the rat.
You kill the rat!
Lugonu accepts your kill.
The leopard gecko hisses angrily.
You hit the rat. You grab the rat.
The rat is heavily wounded.
You constrict the rat.
You kill the rat!
Lugonu accepts your kill. The leopard gecko bites you.
You die...

. #. # #.# # #..##
.# ##...###>#
##........ #.......#
#...†..# #.l@# ##..#
############.#.#
#..............#
#####.....######.#.#
..........# #.#.#
..###.....# #.. #
#.# #..)..# #.## ..#
####### #.#


You could see a leopard gecko.

Vanquished Creatures
  A crimson imp (D:2)
  An adder (D:2)
  An ooze (D:2)
  3 dart slugs
  A leopard gecko (D:3)
  An orc (D:3)
  A giant cockroach (D:1)
  5 goblins
  7 hobgoblins
  8 jackals
  3 quokkas (D:2)
  A ball python (D:3)
  3 bats
  2 frilled lizards (D:1)
  5 kobolds
  6 rats
49 creatures vanquished.

Notes
Turn   | Place    | Note
-------+----------+-------------------------------------------
     0 | Abyss:1  | MrRokkomies the Octopode Abyssal Knight began the quest for
                  | the Orb.
     0 | Abyss:1  | Reached XP level 1. HP: 16/16 MP: 2/2
   196 | Abyss:4  | Noticed a quasit
   199 | Abyss:5  | Entered Level 5 of the Abyss
   199 | Abyss:5  | Found a corrupted altar of Lugonu.
   199 | Abyss:5  | Noticed an orange crystal statue
   199 | Abyss:5  | Noticed a white very ugly thing
   199 | Abyss:5  | Noticed a neqoxec
   199 | Abyss:5  | Noticed a neqoxec
   199 | Abyss:5  | Noticed a glowing orange brain
   199 | Abyss:5  | Noticed a neqoxec
   199 | Abyss:5  | Noticed a starcursed mass
   199 | Abyss:5  | Noticed an orange crystal statue
   199 | Abyss:5  | Noticed a neqoxec
   231 | Abyss:5  | Noticed an ancient zyme
   239 | Abyss:5  | Noticed a neqoxec
   239 | Abyss:5  | Noticed a raiju
   240 | Abyss:5  | Noticed a raiju
   248 | Abyss:5  | Noticed a spatial vortex
   249 | Abyss:5  | Noticed a spatial vortex
   250 | Abyss:5  | Noticed a spatial vortex
   255 | Abyss:5  | Noticed a large abomination
   261 | D:1      | Escaped the Abyss
   493 | D:1      | Found a snail-covered altar of Cheibriados.
   566 | D:1      | Reached XP level 2. HP: 20/21 MP: 3/3
   570 | D:1      | Reached skill level 1 in Stealth
   660 | D:1      | Reached * piety under Lugonu
   660 | D:1      | Reached XP level 3. HP: 25/26 MP: 4/4
   978 | D:2      | Found a burning altar of Makhleb.
   984 | D:2      | Reached XP level 4. HP: 30/33 MP: 5/5
  1286 | D:2      | Found a basalt altar of Yredelemnul.
  1725 | D:2      | Reached skill level 4 in Fighting
  2036 | D:3      | Slain by a leopard gecko

Levels and vault maps discovered:
D:1:      wander_arrival_fairy_ring, layout_rooms, cheibriados_altar_1
D:2:      layout_basic, marbit_many_paths, lemuel_round_altar
D:3:      minmay_roachtagon, layout_loops_ring, minmay_misc_feat_rows,
          kennysheep_generic_room_5
Abyss:1
Abyss:2
Abyss:3:  hangedman_abyss_or_decor_passed, evilmike_abyss_exit_2
Abyss:4:  evilmike_abyss_exit_smiterflies, minivault_25,
          due_evilmike_abyss_rune_seething_liches
Abyss:5:  hangedman_abyss_exit_choices, minivault_20, evilmike_abyss_exit_glass,
          doesnt_abyss_rune_brain_food

Skill      XL: |  1  2  3  4 |
---------------+-------------+-----
Stealth        | 1 2 |  2.5
Long Blades    | 3 |  3.4
Fighting       | 4 |  4.1
Dodging        | |  2.3
Invocations    | |  2.0

Action                   |  1- 3 |  4- 6 || total
-------------------------+-------+-------++-------
Melee: Falchion          |    34 |       ||    34
       Tentacles         |    10 |    12 ||    22
       Constrict         |    14 |    16 ||    30
       Dagger            |    11 |    52 ||    63
Invok: Depart the Abyss  |     1 |       ||     1
  Use: Scroll            |     6 |     4 ||    10
 Stab: Sleeping          |     2 |     7 ||     9
  Eat: Ration            |       |     1 ||     1
Armor: Skin              |     4 |    10 ||    14
Dodge: Dodged            |    27 |    48 ||    75
       Rpst.: Falchion   |     6 |       ||     6

Table legend:
 A = Non-vault XP
 B = Vault XP
 C = Vault XP percentage of total XP
 D = Non-vault monster count
 E = Vault monster count
 F = Vault count percentage of total count
                 A         B        C        D         E       F
            +---------+---------+-------+---------+---------+-------
      Total |     155 |       2 |   1.3 |      48 |       1 |   2.0
            +---------+---------+-------+---------+---------+-------
        D:1 |      39 |       0 |   0.0 |      22 |       0 |   0.0
        D:2 |      96 |       2 |   2.0 |      16 |       1 |   5.9
        D:3 |      20 |       0 |   0.0 |      10 |       0 |   0.0
            +---------+---------+-------+---------+---------+-------
